 Dungeon Crawl Stone Soup version 0.32-a0-558-g233958a4c4 (webtiles) character file.

Game seed: 49496837085561395

39 Dirtsage the Chopper (level 3, -1/27 HPs)
             Began as a Coglin Gladiator on Feb 29, 2024.
             Slain by a hobgoblin (5 damage)
             ... led by Robin
             ... on level 2 of the Dungeon.
             The game lasted 00:01:00 (860 turns).

Dirtsage the Chopper (Coglin Gladiator)              Turns: 860, Time: 00:01:01

Health: -1/27      AC:  4    Str: 16    XL:     3   Next: 47%
Magic:  3/3        EV: 12    Int:  7    God:
Gold:   43         SH:  0    Dex: 15    Spells: 2/2 levels left

rFire   . . .        a - +0 war axe {Nari}
rCold   . . .        k - +0 dagger {Chisato}
rNeg    . . .        b - +0 leather armour
rPois   .            c - +0 helmet
rElec   .            (no cloak)
rCorr   .            (no gloves)
SInv    .            (no boots)
Will    .....        (amulet unavailable)
Stlth   +            (ring unavailable)
HPRegen 0.24/turn    (ring unavailable)
MPRegen 0.08/turn    (no gizmo)

%: no passive effects
@: revved
A: off-hand wielding, slow wielding, warmup strikes, no jewelry
a: Invent Gizmo


You were on level 2 of the Dungeon.
You visited 1 branch of the dungeon, and saw 2 of its levels.

You collected 57 gold pieces.
You spent 14 gold pieces at shops.

Inventory:

Hand Weapons
 a - a +0 war axe (weapon) {Nari}
 k - a +0 dagger (offhand) {Chisato}
Missiles
 d - 3 throwing nets (quivered)
 e - a javelin
Armour
 b - a +0 leather armour (worn)
 c - a +0 helmet (worn)
Scrolls
 f - a scroll of enchant weapon {unknown}
 g - 2 scrolls of poison {unknown}
 j - a scroll of torment {unknown}
 l - a scroll of teleportation {unknown}
Potions
 h - a potion of might {unknown}
 i - a potion of invisibility {unknown}
 m - a potion of mutation {unknown}


   Skills:
 - Level 2.0 Fighting
 + Level 4.4 Axes
 - Level 1.7 Throwing
 - Level 2.6 Dodging


You had 2 spell levels left.
You didn't know any spells.
Your spell library was empty.

Dungeon Overview and Level Annotations

Branches:
Dungeon (2/15)

Altars:

Shops:
D:1 !

Annotations:
D:2 Robin, Sigmund


Innate Abilities, Weirdness & Mutations

You can wield a second weapon in your off-hand.
It takes a long time for you to wield or remove held weapons.
Your first few attacks do less damage.
You cannot equip rings or amulets.


Message History

A goblin comes into view. It is wielding a +0 dagger.
You slash the goblin with your +0 war axe!
You kill the goblin!
You hit the gnoll with your +0 war axe. x2
You hit the rat with your +0 war axe. The gnoll closely misses you.
The rat closely misses you.
A ribbon worm comes into view.
You hit the gnoll but do no damage.
The gnoll is severely wounded.
You hit the gnoll but do no damage. You hit the gnoll with your +0 war axe.
You kill the gnoll!
You slash the rat with your +0 war axe!
You kill the rat!
You barely miss the hobgoblin with your +0 war axe.
The gnoll hits you with a +0 club.
The hobgoblin hits you but does no damage.
You take 2 damage, and have 19/27 hp.
You closely miss the gnoll with your +0 war axe.
The gnoll is severely wounded.
You barely miss the gnoll with your +0 war axe.
You hit the hobgoblin with your +0 war axe.
You hit the gnoll with your +0 dagger. The gnoll hits you with a +0 club.
The gnoll misses you. The hobgoblin barely misses you.
The gnoll hits you with a +0 club. The hobgoblin barely misses you.
The gnoll hits you with a +0 club.
You take 10 damage, and have 9/27 hp.
MASSIVE DAMAGE!!
You barely miss the gnoll with your +0 war axe.
The gnoll is severely wounded.
You barely miss the gnoll with your +0 war axe.
You hit the hobgoblin but do no damage.
You barely miss the gnoll with your +0 dagger.
The gnoll misses you. The hobgoblin hits you. The gnoll closely misses you.
You hit the gnoll with your +0 dagger.
The gnoll is almost dead.
You barely miss the gnoll with your +0 war axe.
You hit the hobgoblin but do no damage. You hit the gnoll with your +0 war axe.
The gnoll hits you with a +0 club.
* * * LOW HITPOINT WARNING * * *
The hobgoblin hits you.
You die... .. ..g ..gg w@## g.g### #ggg#

###B####gg#######
........g@)......
##.####.#########
#. # ##..# #. #.
#. #..## . #.
#.##.## #.#.
#....# #.#.
#####.####
...##........#
#.#..######.....


You could see Sigmund, a ribbon worm, Robin, 3 gnolls, a giant cockroach, 3
hobgoblins and 4 goblins.

Vanquished Creatures
  2 gnolls
  2 bats
  4 endoplasms
  4 goblins
  A kobold (D:2)
  3 quokkas (D:1)
  2 rats
18 creatures vanquished.

Notes
Turn   | Place    | Note
-------+----------+-------------------------------------------
     0 | D:1      | Dirtsage the Coglin Gladiator began the quest for the Orb.
     0 | D:1      | Reached XP level 1. HP: 16/16 MP: 1/1
   339 | D:1      | Found Lipnedou's Distillery.
   352 | D:1      | Bought a potion of degeneration for 14 gold pieces
   382 | D:1      | Reached XP level 2. HP: 22/22 MP: 2/2
   476 | D:1      | Reached skill level 4 in Axes
   822 | D:2      | Reached XP level 3. HP: 22/27 MP: 3/3
   851 | D:2      | Noticed Robin
   852 | D:2      | Noticed Sigmund
   860 | D:2      | Slain by a hobgoblin

Illustrated notes

Levels and vault maps discovered:
D:1:      matt_arrival_spirals, layout_basic, serial_shops, shop,
          minmay_tiny_reverse_x
D:2:      layout_rooms, st_stairs_5, uniq_sigmund, uniq_robin

Skill      XL: |  1  2 |
---------------+-------+-----
Axes           | 4 |  4.4
Fighting       | |  2.0
Throwing       | |  1.7
Dodging        | |  2.6

Action                     || total
---------------------------++-------
  Melee: War axe           ||    41
         Dagger            ||    13
   Stab: Sleeping          ||     1
 Armour: Leather armour    ||    31
  Dodge: Dodged            ||    48

Table legend: (Time is in decaauts)
 A = Elapsed time spent in this place.
 B = Non-inter-level travel time spent in this place.
 C = Inter-level travel time spent in this place.
 D = Time resting spent in this place.
 E = Time spent auto-exploring this place.
 F = Levels seen in this place.
 G = Mean time per level.
                   A        B        C        D        E       F      G
               +--------+--------+--------+--------+--------+-----+--------+
         Total |    870 |    829 |     41 |      0 |    720 |   2 |  435.0 |
       Dungeon |    870 |    829 |     41 |      0 |    720 |   2 |  435.0 |
               +--------+--------+--------+--------+--------+-----+--------+

Top non-repeatable levels by time:
     D:1: 762 daAuts
     D:2: 107 daAuts
